AoeStats
← Gérard Archer

Black Forest

509690890Analyzed
2v2 RM · 6d ago on Sep 27, 2026· 60m 56s· 4 players
Game mode
Random Map
Map size
Medium (4 player)
Population
200
Speed
Normal
Resources
Standard
Victory
Conquest
Starting age
Dark Age
Ending age
Imperial Age
RankedLock teamsTeams togetherTeam positionsShared explorationLock speedFull tech treeHidden civsTurbo modeCheats
Victory
Defeat
🇫🇷 Wei · France
785
+16
🇫🇷 Teutons · France
735
+18
🇪🇸 Danes · Spain
795
-18
🇵🇪 Khmer · Peru
755
-32
kinge564
0:34 Loom
15:29 Feudal Age
18:50 Double-Bit Axe
21:57 Horse Collar
22:39 Scale Mail Armor
22:50 Forging
22:33 Arson
23:45 Stone Mining
23:43 Man-at-Arms
29:44 Castle Age
30:25 Long Swordsman
30:50 Gambesons
31:06 Squires
30:44 Long Swordsman
31:10 Gambesons
30:47 Pikeman
31:28 Squires
31:47 Chain Mail Armor
32:08 Iron Casting
33:13 Heavy Plow
33:27 Bow Saw
42:25 Imperial Age
44:07 Conscription
44:32 Two-Handed Swordsman
49:05 Ironclad
49:51 Champion
53:53 Elite Teutonic Knight
55:26 Plate Mail Armor
55:57 Blast Furnace
56:25 Crop Rotation
56:33 Stone Shaft Mining
55:49 Gold Mining
56:12 Fortified Wall
55:49 Arrowslits
59:49 Crenellations
Gérard Archer
0:33 Loom
14:48 Feudal Age
21:44 Castle Age
19:55 Horse Collar
23:40 Double-Bit Axe
24:34 Wheelbarrow
26:19 Bow Saw
26:01 Town Watch
27:42 Heavy Plow
29:29 Fortified Wall
33:21 Hand Cart
37:30 Imperial Age
35:46 Coinage
38:12 Ballistics
37:47 Murder Holes
38:05 Masonry
37:37 Treadmill Crane
37:56 Fletching
38:07 Padded Archer Armor
40:03 Parthian Tactics
40:44 Bodkin Arrow
41:05 Leather Archer Armor
42:03 Bloodlines
41:54 Husbandry
43:19 Chemistry
42:53 Bracer
43:24 Ring Archer Armor
43:07 Scale Barding Armor
43:13 Forging
42:27 Light Cavalry
45:19 Caravan
45:50 Banking
49:00 Hussar
51:05 Iron Casting
50:51 Chain Barding Armor
51:19 Crossbowman
52:05 Thumb Ring
53:13 Blast Furnace
52:14 Scale Mail Armor
61:21 Chain Mail Armor
22cmdeamor
1:09 Loom
12:59 Feudal Age
13:20 Horse Collar
15:23 Arson
21:09 Castle Age
19:48 Double-Bit Axe
19:57 Stone Mining
19:58 Gold Mining
22:05 Heavy Plow
24:22 Wheelbarrow
25:00 Stone Shaft Mining
27:05 Hand Cart
27:26 Bow Saw
28:39 Gold Shaft Mining
30:19 Squires
30:05 Gambesons
32:50 Hamask
34:06 Scale Mail Armor
34:16 Forging
38:48 Imperial Age
38:54 Caravan
38:53 Elite Varangian Guard
40:03 Conscription
40:54 Fishing Lines
43:05 Elite Jomsviking
46:52 Iron Casting
48:08 Northmen's Fury
49:10 Chain Mail Armor
49:56 Blast Furnace
52:04 Plate Mail Armor
57:46 Padded Archer Armor
57:37 Fletching
58:42 Crossbowman
Mr.Elmo
1:40 Loom
16:17 Feudal Age
22:52 Double-Bit Axe
23:02 Gold Mining
23:03 Stone Mining
30:29 Castle Age
54:08 Wheelbarrow
Connection lost

Rejoining the realm…

Still unreachable

The connection could not be restored.

Session expired

The server has moved on; the page needs a fresh start.